 Dungeon Crawl Stone Soup version 0.28-a0-1159-g27aa881441 (webtiles) character file.

Game seed: 12269554434219502936

63410 ytrimaz the Transmogrifier (level 15, -4/128 HPs)
             Began as an Octopode Transmuter on Dec 15, 2021.
             Was a Believer of Ashenzari.
             Slain by a two-headed ogre (16 damage)
             ... while paralysed by an ogre mage
             ... on level 2 of the Orcish Mines.
             The game lasted 00:27:53 (26000 turns).

ytrimaz the Transmogrifier (Octopode Transmuter)   Turns: 26000, Time: 00:27:54

Health: -4/128     AC: 11    Str: 20    XL:     15   Next: 9%
Magic:  0/33       EV:  1    Int: 21    God:    Ashenzari [**....]
Gold:   829        SH:  0    Dex: 13    Spells: 28/42 levels left

rFire   x . .      SeeInvis +     - Unarmed
rCold   + + +      Faith    .   (shield currently unavailable)
rNeg    + . .      Spirit   +   (helmet currently unavailable)
rPois   +          Reflect  .   D - amulet of the Ruined Pleiades {Spirit rC+ Regen+ Str+3, Alch, Cun} (curse)
rElec   .          Harm     .   e - ring "Manifest Seer" {EV+4, Bglg, Alch} (curse)
rCorr   +          Rampage  .   g - ring "Celestial Repose" {rN+, Melee, Bglg} (curse)
Will    +....                   h - ring "Share My Fetters" {rPois, Self, Elem} (curse)
Stlth   +.........              J - ring of Ashenzari's Burden {rCorr, Elem, Alch} (curse)
HPRegen 1.11/turn               K - +6 ring of strength
MPRegen 0.23/turn               (no ring)
                                (no ring)
                                (no ring)

@: paralysed, lethally poisoned (-4 -> -4), ice-form, wereblooded, on berserk
cooldown, very slightly contaminated, hasted and slowed
A: freezing attack, boosted hp, almost no armour, amphibious, 8 rings, large,
(camouflage 1), (gelatinous body 1), (nimble swimmer 1), (tentacles)
a: End Transformation, Renounce Religion, Curse Item, Shatter the Chains


You were on level 2 of the Orcish Mines.
You worshipped Ashenzari.
Ashenzari was pleased with you.
You were a creature of crystalline ice.
You visited 4 branches of the dungeon, and saw 22 of its levels.
You also visited: Gauntlet.

You collected 1756 gold pieces.
You spent 927 gold pieces at shops.

Inventory:

Missiles
 z - 2 throwing nets
Jewellery
 a - a ring of fire
 e - the cursed ring "Manifest Seer" (left front paw) {EV+4, Bglg, Alch}
   (You found it on level 3 of the Dungeon)

   [ring of evasion]

   EV:        It affects your evasion (+4).
   It has a curse which improves the following skills: Beguiling: Conjurations,
   Hexes and Translocations.
   Alchemy:   Poison Magic and Transmutations.
 g - the cursed ring "Celestial Repose" (right front paw) {rN+, Melee, Bglg}
   (You found it on level 3 of the Dungeon)

   [ring of positive energy]

   rN:        It protects you from negative energy.
   It has a curse which improves the following skills: Melee Combat: Short
   Blades, Long Blades, Axes, Maces & Flails, Polearms, Staves and Unarmed
   Combat.
   Beguiling: Conjurations, Hexes and Translocations.
 h - the cursed ring "Share My Fetters" (on tentacle) {rPois, Self, Elem}
   (You found it on level 4 of the Dungeon)

   [ring of poison resistance]

   rPois:     It protects you from poison.
   It has a curse which improves the following skills: Introspection: Fighting
   and Spellcasting.
   Elements:  Fire Magic, Ice Magic, Air Magic and Earth Magic.
 D - the cursed amulet of the Ruined Pleiades (around neck) {Spirit rC+ Regen+ Str+3, Alch, Cun}
   (You bought it in a shop on level 9 of the Dungeon)

   [amulet of guardian spirit]

   It causes incoming damage to be divided between your reserves of health and
   magic.
   Str:       It affects your strength (+3).
   rC:        It protects you from cold.
   Regen:     It increases your rate of health regeneration.
   It has a curse which improves the following skills: Alchemy: Poison Magic and
   Transmutations.
   Cunning:   Dodging and Stealth.
 J - the cursed ring of Ashenzari's Burden (on tentacle) {rCorr, Elem, Alch}
   (You bought it in a shop on level 9 of the Dungeon)

   [ring of resist corrosion]

   rCorr:     It protects you from acid and corrosion.
   It has a curse which improves the following skills: Elements: Fire Magic, Ice
   Magic, Air Magic and Earth Magic.
   Alchemy:   Poison Magic and Transmutations.
 K - a +6 ring of strength (on tentacle)
Wands
 l - a wand of digging (9)
 o - a wand of iceblast (7)
 t - a wand of paralysis (6)
 w - a wand of mindburst (5)
 B - a wand of flame (10)
 F - a wand of polymorph (9)
 H - a wand of charming (8)
Scrolls
 d - a scroll of immolation
 f - 5 scrolls of amnesia
 k - 3 scrolls of magic mapping
 p - 3 scrolls of enchant armour
 r - 3 scrolls of fear
 u - 2 scrolls of enchant weapon
 v - 5 scrolls of teleportation
 y - a scroll of summoning
 A - 5 scrolls of fog
 C - a scroll of holy word
 E - 2 scrolls of brand weapon
Potions
 b - 2 potions of resistance
 c - 4 potions of brilliance
 i - 4 potions of flight
 j - 2 potions of lignification
 m - a potion of might
 q - 2 potions of haste
 s - 2 potions of curing
 x - a potion of magic
 I - a potion of invisibility


   Skills:
 * Level 10.1(11.6) Fighting
 * Level 12.6(14.0) Dodging
 - Level 10.2(11.7) Unarmed Combat
 * Level 12.7(14.1) Spellcasting
 * Level 13.0(16.0) Transmutations
 - Level 0.3(1.1) Ice Magic
 - Level 4.0(6.8) Poison Magic


You had 28 spell levels left.
You knew the following spells:

 Your Spells              Type           Power      Damage    Failure   Level
a - Ice Form              Ice/Tmut       50%        N/A       1%          4
b - Wereblood             Tmut           70%        N/A       0%          2
c - Yara's Violent Unrav  Hex/Tmut       24%        3d11      4%          5
d - Spider Form           Tmut/Pois      58%        N/A       1%          3

Your spell library contained the following spells:

 Spells                   Type           Power      Damage    Failure   Level
 Beastly Appendage        Tmut           100%       N/A       0%          1
 Poisonous Vapours        Pois/Air       58%        N/A       1%          2
 Freeze                   Ice            76%        1d9       2%          1
 Slow                     Hex            64%        N/A       3%          1
 Summon Small Mammal      Summ           56%        N/A       4%          1
 Static Discharge         Conj/Air       16%        N/A       5%          2
 Corpse Rot               Necr/Air       30%        N/A       6%          2
 Frozen Ramparts          Ice            38%        1d5       9%          3
 Ozocubu's Armour         Ice            19%        N/A       9%          3
 Confusing Touch          Hex            16%        N/A       11%         3
 Portal Projectile        Hex/Tloc       32%        N/A       11%         3
 Summon Guardian Golem    Hex/Summ       15%        N/A       12%         3
 Call Canine Familiar     Summ           14%        N/A       13%         3
 Hailstorm                Conj/Ice       17%        3d6       32%         4
 Summon Ice Beast         Ice/Summ       17%        N/A       32%         4
 Airstrike                Air            8%         N/A       36%         4
 Leda's Liquefaction      Hex/Erth       8%         N/A       36%         4
 Lightning Bolt           Conj/Air       8%         1d20      71%         5
 Manifold Assault         Tloc           16%        N/A       71%         5
 Summon Mana Viper        Hex/Summ       15%        N/A       73%         5
 Monstrous Menagerie      Summ           7%         N/A       100%        7
 Ozocubu's Refrigeration  Ice            9%         4d6       100%        7
 Maxwell's Capacitive Co  Air            8%         ∞         100%        8


Dungeon Overview and Level Annotations

Branches:
Dungeon (13/15)            Temple (1/1) D:6            Lair (6/6) D:11
  Swamp (0/4) Lair:2       Spider (0/4) Lair:2        Slime (0/5) Lair:6
    Orc (2/2) D:10            Elf (0/3) Orc:2       Gauntlet (visited)
 Vaults: D:13-14

Altars:
Ashenzari
Cheibriados
Dithmenos
Elyvilon
Fedhas
Gozag
Hepliaklqana
Kikubaaqudgha
Makhleb
Nemelex Xobeh
Okawaru
Qazlal
Ru
Sif Muna
Trog
Uskayaw
Vehumet
Wu Jian
Xom
Yredelemnul
Zin
The Shining One
Beogh

Shops:
D:1 [   D:3 (   D:6 !   D:8 (   D:9 =   D:12 ?

Portals:
Trove: D:11 (give Majin-Bo)

Annotations:
D:7 exclusion: ugly thing
D:11 2 transporters, BeingJoeMalik's ghost, journeyman TeFi
D:12 exclusion: boulder beetle


Innate Abilities, Weirdness & Mutations

You are a creature of crystalline ice.
You have a powerful freezing melee attack.
Your maximum health is increased.
Your armour is entirely melded.
You are incapable of wielding weapons or throwing items.
You cannot wear most types of armour.
You are amphibious.
You can wear up to eight rings at the same time.
((Your skin changes colour to match your surroundings (Stealth+).))
((Your rubbery body absorbs attacks. (AC +1, EV +1)))
((You are camouflaged near water. (Stealth+)))
((You have tentacles for arms and can constrict up to eight enemies at once.))


Message History

The troll is moderately wounded.
Your extra speed is starting to run out.
The two-headed ogre misses you. The two-headed ogre closely misses you.
Unknown command.
You punch the troll! You freeze the troll.
The troll is heavily wounded.
You howl as the wereblood boils in your veins!
The ogre mage hits you but does no damage.
You are poisoned.
The troll bites you but does no damage. The troll misses you.
The troll barely misses you.
You hit the troll but do no damage.
The troll is heavily wounded.
You feel very sick.
The two-headed ogre hits you with a +0 giant club.
The two-headed ogre barely misses you. The ogre mage closely misses you.
The troll closely misses you. The troll claws you but does no damage.
The troll misses you.
Unknown command.
You pummel the troll!! You freeze the troll.
You feel a bit better.
You kill the troll!
You feel sick.
An ogre comes into view. It is wielding a +0 giant spiked club.
The ogre mage casts a spell at you.
You suddenly lose the ability to move!
The two-headed ogre hits you with a +0 giant club! x2
* * * LOW HITPOINT WARNING * * *
You feel sick.
You hear a shout! x2
A troll comes into view.
An ogre comes into view. It is wielding a +0 giant club.
The ogre mage hits you from afar with a +0 spear of venom.
* * * LOW HITPOINT WARNING * * *
An orc comes into view. It is wielding a +0 whip.
You feel sick.
You hear a shout!
The two-headed ogre hits you with a +0 giant club!!
* * * LOW HITPOINT WARNING * * *
The two-headed ogre hits you with a +0 giant club!!
You die...

, , , ∩ , , * * ,., ,
..., O### ###
..TOo##O######.#####
.T.$OTOOO#.##....#.## ,
...OOO#{#Y...†......## ,
,
......{{#)....#......##
,
......{.OO..........#.##
.....#.T..#...##.......#
,,
.........#...#####.##.##
, , ,..........#...#
###### ,
.............### #
............#.##.##
........#.........#


You could see 2 two-headed ogres, an ogre mage (invisible), 3 trolls, 5 ogres
and an orc.

Vanquished Creatures
  4 boulder beetles
  An ogre mage (Orc:2)
  5 hydras
  A merfolk avatar (Lair:6)
  8 two-headed ogres
  8 death yaks
  Urug (Lair:2)
  Nergalle (Lair:1)
  Sonja (Lair:1)
  A fire crab (Lair:5)
  A sea snake (Lair:6)
  A deep troll (Orc:2)
  A lindwurm (Lair:6)
  4 harpies (Lair:6)
  Pikel (D:5)
  2 orc sorcerers
  A manticore (D:9)
  An ugly thing (D:12)
  3 cyclopes
  8 elephants
  An eye of devastation (Lair:6)
  Joseph (D:8)
  2 black mambas
  3 torpor snails
  17 cane toads
  3 rime drakes
  11 komodo dragons
  Psyche (D:12)
  3 jumping spiders (Lair:2)
  6 polar bears
  10 trolls
  A wind drake (Lair:6)
  10 slime creatures (D:12)
  10 blink frogs
  5 dream sheep (Lair:5)
  3 vampires
  A snapping turtle (Lair:6)
  A wyvern (Lair:4)
  2 shadows
  40 yaks
  3 steam dragons
  3 basilisks
  Menkaure (D:6)
  2 wargs
  An acid dragon (D:10)
  Duvessa (D:7)
  13 water moccasins
  A swamp drake (Lair:2)
  A floating eye (Lair:6)
  3 black bears
  5 orc warriors
  3 ice beasts
  A necrophage (D:7)
  9 ogres
  18 wolves
  3 centaurs
  3 lemures (D:5)
  A kobold brigand (D:8)
  Blork the orc (D:5)
  11 bullfrogs
  4 scorpions
  A wyvern skeleton (D:4)
  Dowan (D:7)
  20 killer bees
  An electric eel (Lair:5)
  3 howler monkeys (D:10)
  2 vampire bats (Lair:1)
  4 centaur zombies
  2 jellies
  8 orc priests
  A hound (D:5)
  2 bullfrog skeletons
  A centaur skeleton (D:4)
  2 gnoll shamans
  8 orc wizards
  2 iguanas
  A killer bee zombie (D:5)
  A hound skeleton (D:4)
  A howler monkey zombie (D:10)
  12 gnolls
  10 adders
  A howler monkey skeleton (D:4)
  A shadow imp (D:7)
  3 white imps
  An ufetubus (D:7)
  A worm (D:5)
  54 orcs
  6 bats
  7 endoplasms
  4 giant cockroaches
  11 hobgoblins
  8 kobolds
  2 quokkas
  7 ball pythons
  A frilled lizard (D:3)
  9 goblins
  A rat (D:1)
473 creatures vanquished.

Vanquished Creatures (others)
  An orc (Orc:1)
  3 bushes (Lair:6)
  29 fungi
  49 plants
82 creatures vanquished.

Grand Total: 555 creatures vanquished

Notes
Turn   | Place    | Note
-------+----------+-------------------------------------------
     0 | D:1      | ytrimaz the Octopode Transmuter began the quest for the
                  | Orb.
     0 | D:1      | Reached XP level 1. HP: 13/13 MP: 3/3
    25 | D:1      | Found Hyestry Pehy's Antique Armour Boutique.
   649 | D:1      | Reached XP level 2. HP: 18/18 MP: 5/5
   718 | D:1      | Learned a level 2 spell: Wereblood
  1397 | D:2      | Reached XP level 3. HP: 23/23 MP: 6/6
  1401 | D:2      | Learned a level 3 spell: Spider Form
  2538 | D:3      | Reached XP level 4. HP: 16/28 MP: 3/7
  2835 | D:3      | Found Bynuof's Weapon Shop.
  3237 | D:4      | Noticed a scorpion
  3603 | D:4      | Noticed a scorpion
  3617 | D:4      | Killed a scorpion
  3618 | D:4      | Reached skill level 1 in Poison Magic
  3618 | D:4      | Reached XP level 5. HP: 26/34 MP: 3/9
  3883 | D:4      | Learned a level 4 spell: Ice Form
  3931 | D:4      | Reached skill level 3 in Transmutations
  3931 | D:4      | Reached XP level 6. HP: 12/39 MP: 7/10
  4396 | D:4      | Reached skill level 5 in Unarmed Combat
  4480 | D:4      | Reached XP level 7. HP: 29/45 MP: 6/12
  5049 | D:5      | Entered Level 5 of the Dungeon
  5160 | D:5      | Noticed Blork the orc
  5168 | D:5      | Killed Blork the orc
  5173 | D:5      | Reached skill level 4 in Transmutations
  5393 | D:5      | Reached XP level 8. HP: 35/52 MP: 4/14
  5755 | D:5      | Noticed Pikel
  5992 | D:5      | Killed Pikel
  6093 | D:5      | Reached skill level 5 in Transmutations
  6336 | D:5      | Reached skill level 5 in Spellcasting
  6336 | D:5      | Reached XP level 9. HP: 31/58 MP: 13/16
  6678 | D:6      | Noticed Menkaure
  6690 | D:6      | Killed Menkaure
  6905 | D:6      | Found a staircase to the Ecumenical Temple.
  7002 | Temple   | Entered the Ecumenical Temple
  7171 | Temple   | Became a worshipper of Ashenzari the Shackled
  7676 | D:6      | Found Iqiraint's Distillery.
  7704 | D:6      | Bought a potion of degeneration for 14 gold pieces
  8726 | D:7      | Noticed a cyan ugly thing
  9063 | D:7      | Reached skill level 5 in Fighting
  9070 | D:7      | Reached skill level 6 in Transmutations
  9142 | D:7      | Noticed Dowan
  9143 | D:7      | Noticed Duvessa
  9154 | D:7      | Killed Duvessa
  9159 | D:7      | Killed Dowan
 10130 | D:8      | Noticed a two-headed ogre
 10329 | D:8      | Killed a two-headed ogre
 10330 | D:8      | Reached XP level 10. HP: 66/66 MP: 14/19
 10517 | D:8      | Noticed Joseph
 10531 | D:8      | Killed Joseph
 10650 | D:8      | Found Asoraek's Weapon Emporium.
 11146 | D:9      | Reached skill level 7 in Transmutations
 11381 | D:9      | Found a hide-covered altar of Uskayaw.
 11547 | D:9      | Noticed a two-headed ogre
 11550 | D:10     | Entered Level 10 of the Dungeon
 11938 | D:9      | Killed a two-headed ogre
 12213 | D:9      | Found Laof's Jewellery Shoppe.
 12261 | D:9      | Reached skill level 5 in Dodging
 12419 | D:9      | Noticed a manticore
 12440 | D:9      | Killed a manticore
 12441 | D:9      | Reached XP level 11. HP: 49/73 MP: 13/22
 12672 | D:10     | Reached * piety under Ashenzari
 12912 | D:10     | Noticed a two-headed ogre
 12921 | D:10     | Killed a two-headed ogre
 13353 | D:10     | Noticed a two-headed ogre
 13359 | D:10     | Killed a two-headed ogre
 13360 | D:10     | Reached skill level 10 in Unarmed Combat
 14026 | D:10     | Found a staircase to the Orcish Mines.
 14121 | D:9      | Bought the amulet "Ofihesa" {Spirit rC+ Regen+ Str+3} for
                  | 653 gold pieces
 14166 | D:11     | Found a staircase to the Lair.
 14166 | D:11     | Noticed a death yak
 14194 | D:11     | Killed a death yak
 14195 | D:11     | Reached skill level 8 in Transmutations
 14362 | D:11     | Found a transporter.
 14363 | D:11     | Found a one-way gate to the infinite horrors of the Abyss.
 14363 | D:11     | Noticed BeingJoeMalik's ghost (journeyman TeFi)
 14363 | D:11     | Noticed a rakshasa
 14595 | D:11     | Found a portal to a secret trove of treasure.
 14708 | D:11     | Found a transporter.
 14712 | D:11     | Noticed a large abomination
 14847 | D:11     | Noticed a boulder beetle
 14878 | D:11     | Killed a boulder beetle
 15170 | D:11     | Noticed a boulder beetle
 15191 | D:11     | Killed a boulder beetle
 15864 | D:12     | Noticed a brown ugly thing
 15876 | D:12     | Killed a brown ugly thing
 16180 | D:12     | Noticed a boulder beetle
 16231 | D:12     | Noticed a two-headed ogre
 16239 | D:12     | Killed a two-headed ogre
 16239 | D:12     | Noticed Psyche
 16240 | D:12     | Reached XP level 12. HP: 73/81 MP: 12/24
 16258 | D:12     | Killed Psyche
 16352 | D:12     | Found Ahameizo's Magic Scroll Shoppe.
 16423 | D:12     | Reached skill level 9 in Transmutations
 16431 | D:12     | HP: 2/98 [slime creature (15)]
 17069 | D:13     | Noticed a five-headed hydra
 17099 | D:13     | Noticed a tengu warrior
 17099 | D:13     | Noticed a tengu warrior
 17290 | Orc:1    | Entered Level 1 of the Orcish Mines
 17453 | Orc:1    | Found a bloodstained altar of Trog.
 17799 | Lair:1   | Entered Level 1 of the Lair of Beasts
 17842 | Lair:1   | Noticed Nergalle
 17859 | Lair:1   | Killed Nergalle
 17930 | Lair:1   | Reached ** piety under Ashenzari
 18155 | Lair:1   | Identified the +7 falchion "Ylamuo" {vorpal, Int+5}
 18159 | Lair:1   | Noticed Sonja
 18175 | Lair:1   | Killed Sonja
 18656 | Lair:2   | Found a staircase to the Swamp.
 18867 | Lair:2   | Reached skill level 10 in Transmutations
 18896 | Lair:2   | Reached skill level 10 in Spellcasting
 19001 | Lair:2   | Noticed Urug
 19019 | Lair:2   | Killed Urug
 19256 | Lair:2   | Found a hole to the Spider Nest.
 19272 | Lair:2   | Reached XP level 13. HP: 92/92 MP: 22/28
 20274 | Lair:3   | Learned a level 5 spell: Yara's Violent Unravelling
 21147 | Lair:4   | Reached skill level 11 in Transmutations
 21407 | Lair:5   | Found a gate leading to a gauntlet.
 21416 | Gauntlet | Entered a Gauntlet
 21416 | Gauntlet | Found a transporter.
 21416 | Gauntlet | Found a transporter.
 21420 | Gauntlet | Found a transporter.
 21420 | Gauntlet | Found a transporter.
 21429 | Gauntlet | Found a transporter.
 21436 | Gauntlet | Found a transporter.
 21442 | Gauntlet | Noticed a balrug
 21444 | Gauntlet | Identified the +1 pair of gloves of Subjectivity {rF- rC+
                  | Will+}
 21446 | Gauntlet | Found a transporter.
 21446 | Gauntlet | Found a transporter.
 21447 | Gauntlet | Identified the amulet of Bech {Faith Int+4}
 21462 | Gauntlet | Found a transporter.
 21469 | Gauntlet | Found a transporter.
 21481 | Gauntlet | Found a transporter.
 21532 | Gauntlet | Found a transporter.
 21552 | Gauntlet | Found a transporter.
 21637 | Gauntlet | Found a transporter.
 21646 | Gauntlet | Found a transporter.
 21660 | Gauntlet | Found a transporter.
 21888 | Lair:5   | Reached skill level 10 in Dodging
 22054 | D:9      | Bought a ring of resist corrosion for 260 gold pieces
 23183 | Lair:6   | Entered Level 6 of the Lair of Beasts
 23207 | Lair:6   | Reached XP level 14. HP: 45/99 MP: 10/31
 23833 | Lair:6   | Reached skill level 12 in Transmutations
 23935 | Lair:6   | Identified the +9 longbow of Truth {venom, rC+}
 24036 | Lair:6   | Found the +8 trident of the Octopus King {venom, rElec
                  | rPois Will+}
 24153 | Lair:6   | Identified the Volume of the Unstable Birds
 24415 | Lair:6   | Found a staircase to the Slime Pits.
 24417 | Lair:6   | Paralysed by a floating eye for 2 turns
 25672 | Orc:2    | Entered Level 2 of the Orcish Mines
 25809 | Orc:2    | Found a staircase to the Elven Halls.
 25963 | Orc:2    | Reached skill level 10 in Fighting
 25975 | Orc:2    | Reached XP level 15. HP: 90/107 MP: 9/33
 25989 | Orc:2    | Reached skill level 13 in Transmutations
 25998 | Orc:2    | Paralysed by an ogre mage for 6 turns
 26000 | Orc:2    | Slain by a two-headed ogre

Illustrated notes

Levels and vault maps discovered:
D:1:      sevenhm_arrival_forest_fort_small_4, layout_basic, serial_shops,
          nicolae_shop_stone, shapermc_ecumenical_altar_petra,
          chequers_serial_rivers_micro_d
D:2:      layout_loops_ring, minmay_tall_x
D:3:      layout_rooms, serial_shops, nicolae_shop_advertising_works
          [nicolae_subvault_shop_adworks], hangedman_abyss_or_decor_stabs
D:4:      minmay_octagon_keep, layout_basic
D:5:      layout_loops_cross, uniq_blork_the_orc, uniq_pikel
D:6:      layout_loops_corners, minmay_temple_entry_stoned_glass, serial_shops,
          shop, minmay_misc_feat_hallway, wad_woods_river_04, uniq_menkaure
D:7:      layout_basic, uniq_duvessa
D:8:      layout_cave_pools, serial_shops, kennysheep_mini,
          minmay_misc_feat_four_crosses, nicolae_underground_beach, uniq_joseph
D:9:      layout_basic, general_overflow_altar, serial_shops, shop_coins,
          special_room [special_room_orc]
D:10:     layout_loops_cross, orc_0_dummy
D:11:     layout_long_grid, david_lair_generic, trove_entry_hex_spiral,
          gammafunk_ghost_abyssal_escape
D:12:     layout_layer_cave, serial_shops, shop, uniq_psyche
D:13:     layout_roguey, erik_vaults_1
Temple:   kilobyte_greek_temple
Lair:1:   layout_regular_city, roderic_batcave, grunt_megastairs_1,
          uniq_nergalle, uniq_sonja
Lair:2:   layout_roguey, minmay_swamp_entry_reptiles, spider_nest_entry_a,
          uniq_urug
Lair:3:   layout_regular_city, minivault_27
Lair:4:   layout_cave_shapes
Lair:5:   layout_regular_city, gauntlet_entry_generic,
          chequers_serial_rivers_marsh, amcnicky_mini_pool_medium
Lair:6:   gammafunk_lair_ancient_temple, layout_concentric_octagons,
          minmay_slime_entry_eyes
Orc:1:    layout_caves, basic_altar, serial_shops, shop_fountains
Orc:2:    st_orc_open, layout_caves

Skill      XL: |  1  2  3  4  5  6  7  8  9 10 11 12 13 14 15 |
---------------+----------------------------------------------+-----
Unarmed Combat | 4 5 6 7 8 9 10 | 10.2
Poison Magic   | 1 2 3 4 |  4.0
Fighting       | 2 3 4 5 6 7 8 9 10 | 10.1
Spellcasting   | 3 4 5 6 7 8 10 11 12 | 12.7
Transmutations | 3 4 5 6 7 8 10 11 12 13 | 13.0
Dodging        | 3 5 6 8 10 12 | 12.6
Ice Magic      | |  0.3

Action                   |  1- 3 |  4- 6 |  7- 9 | 10-12 | 13-15 || total
-------------------------+-------+-------+-------+-------+-------++-------
Melee: Unarmed           |    71 |    90 |   265 |   529 |   634 ||  1589
       Tentacles         |    13 |     8 |     6 |       |     5 ||    32
       Constrict         |    18 |    13 |     3 |       |     1 ||    35
       Kick              |     5 |       |       |       |       ||     5
       Punch             |     1 |       |     3 |       |     2 ||     6
 Cast: Beastly Appendage |     8 |       |       |       |       ||     8
       Wereblood         |     1 |     2 |     2 |    19 |    16 ||    40
       Spider Form       |     2 |     7 |    37 |     4 |     2 ||    52
       Ice Form          |       |       |     4 |    51 |    61 ||   116
Invok: Curse Item        |       |       |     1 |     3 |     1 ||     5
 Abil: End Transformatio |       |       |     1 |       |       ||     1
  Use: Scroll            |     6 |     4 |     5 |     2 |     2 ||    19
       Potion            |       |       |     3 |     4 |     5 ||    12
 Stab: Sleeping          |     7 |     1 |       |     1 |       ||     9
       Distracted        |     1 |       |     1 |       |       ||     2
       Invisible         |       |       |       |     5 |       ||     5
Armor: Skin              |     7 |     6 |    31 |   122 |   160 ||   326
Dodge: Dodged            |    42 |    71 |   232 |   399 |   658 ||  1402

Table legend: (Time is in decaauts)
 A = Elapsed time spent in this place.
 B = Non-inter-level travel time spent in this place.
 C = Inter-level travel time spent in this place.
 D = Time resting spent in this place.
 E = Time spent auto-exploring this place.
 F = Levels seen in this place.
 G = Mean time per level.
                   A        B        C        D        E       F      G
               +--------+--------+--------+--------+--------+-----+--------+
         Total |  25757 |  24319 |   1438 |   2892 |  17424 |  23 | 1119.9 |
       Dungeon |  17312 |  16397 |    915 |   2430 |  11796 |  13 | 1331.7 |
        Temple |    209 |    170 |     39 |      0 |    135 |   1 |  209.0 |
          Lair |   7169 |   6705 |    464 |    462 |   4775 |   6 | 1194.8 |
  Orcish Mines |    651 |    632 |     19 |      0 |    473 |   2 |  325.5 |
      Gauntlet |    414 |    414 |      0 |      0 |    245 |   1 |  414.0 |
               +--------+--------+--------+--------+--------+-----+--------+

Top non-repeatable levels by time:
    D:10: 2186 daAuts
     D:4: 2016 daAuts
  Lair:6: 1849 daAuts
     D:7: 1782 daAuts
     D:5: 1576 daAuts
  Lair:5: 1552 daAuts
    D:12: 1519 daAuts
    D:11: 1490 daAuts
     D:3: 1322 daAuts
     D:8: 1312 daAuts
     D:9: 1217 daAuts
  Lair:3: 1153 daAuts
     D:6: 1140 daAuts
     D:1: 1046 daAuts
  Lair:1: 984 daAuts
